 Dungeon Crawl Stone Soup version 0.29.1-1-gd02db6906a (webtiles) character file.

Game seed: 17809685683992506639

59706 MisterFreud the Spry (level 14, -10/73 HPs)
             Began as a Felid Berserker on Oct 11, 2022.
             Was the Champion of Trog.
             Mangled by a redback (16 damage)
             ... on level 1 of the Spider Nest.
             The game lasted 00:37:36 (25980 turns).

MisterFreud the Spry (Felid Berserker)             Turns: 25980, Time: 00:37:37

Health: -10/73     AC:  3    Str: 13    XL:     14   Next: 54%
Magic:  15/15      EV: 39    Int:  9    God:    Trog [******]
Gold:   1864       SH:  0    Dex: 20    Spells: 13/13 levels left
                                        Lives:  0   Deaths: 4

rFire   . . .      SeeInvis +     - Unarmed
rCold   + . .      Faith    .   (shield unavailable)
rNeg    . . .      Spirit   .   (body armour unavailable)
rPois   +          Reflect  .   (helmet unavailable)
rElec   .          Harm     .   (cloak unavailable)
rCorr   .          Rampage  .   (gloves unavailable)
Will    ++...                   (boots unavailable)
Stlth   ++++++....              v - amulet of regeneration
HPRegen 1.02/turn               n - +4 ring of evasion
MPRegen 0.14/turn               q - ring of poison resistance

@: on berserk cooldown, slowed, slow
A: very small, claws 1, fangs 3, see invisible, speed 1, shaggy fur 3, stealthy
paws, no weapons or thrown items, no armour, multi-lived
a: Renounce Religion, Berserk, Trog's Hand, Brothers in Arms


You were on level 1 of the Spider Nest.
You worshipped Trog.
Trog was exalted by your worship.
You visited 3 branches of the dungeon, and saw 21 of its levels.
You also visited: Bailey and Ice Cave.

You collected 1864 gold pieces.

Inventory:

Jewellery
 i - a ring of magical power
 j - a ring of fire
 k - the ring "Furr" {Wiz rN+ Will+ Slay+2}
   (You found it on level 3 of the Dungeon)

   [ring of wizardry]

   It improves your spell success rate.
   Slay:      It affects your accuracy & damage with ranged weapons and melee
   (+2).
   rN:        It protects you from negative energy.
   Will:      It increases your willpower.
 m - a ring of protection from cold
 n - a +4 ring of evasion (left paw)
 p - a ring of ice
 q - a ring of poison resistance (right paw)
 r - the ring of Donij {MP+9 Slay+3}
   (You found it on level 5 of the Dungeon)

   [ring of magical power]

   Slay:      It affects your accuracy & damage with ranged weapons and melee
   (+3).
   MP:        It affects your magic capacity (+9).
 s - an amulet of magic regeneration
 v - an amulet of regeneration (around neck)
 G - a +6 ring of dexterity
 H - a ring of magical power
 J - a ring of flight
 O - a ring of fire
 R - a ring of protection from cold
 T - an amulet of guardian spirit
 U - an amulet of the acrobat
 V - a ring of magical power
Wands
 f - a wand of paralysis (12)
 u - a wand of roots (46)
 z - a wand of flame (52)
 B - a wand of mindburst (7)
 E - a wand of quicksilver (25)
 F - a wand of polymorph (22)
Scrolls
 d - 2 scrolls of magic mapping
 h - 9 scrolls of poison
 l - 9 scrolls of teleportation
 y - 5 scrolls of identify
 A - 7 scrolls of blinking
 D - 4 scrolls of fear
 K - a scroll of silence
 L - a scroll of butterflies
 Q - 2 scrolls of summoning
 S - a scroll of immolation
Potions
 a - 4 potions of mutation
 b - 7 potions of flight
 c - 3 potions of invisibility
 e - 5 potions of lignification
 g - 8 potions of curing
 o - 2 potions of haste
 t - 2 potions of berserk rage
 w - a potion of resistance
 x - 2 potions of brilliance
 C - 8 potions of heal wounds
 I - a potion of might
 M - 5 potions of cancellation
 N - a potion of attraction
Miscellaneous
 P - a tin of tremorstones (2/2)


   Skills:
 - Level 15.0 Fighting
 - Level 20.0 Dodging
 - Level 15.0 Stealth
 + Level 15.7 Unarmed Combat
 - Level 10.0 Evocations


You had 13 spell levels left.
You didn't know any spells.
Your spell library was empty.

Dungeon Overview and Level Annotations

Branches:
Dungeon (15/15)            Temple (0/1) D:7            Lair (5/5) D:9
  Swamp (0/4) Lair:3       Spider (1/4) Lair:2          Orc (0/2) D:9
 Vaults (0/5) D:13         Depths (0/4) D:15         Bailey (visited)
  IceCv (visited)
  Slime: Lair:4-5

Altars:
Ashenzari
Dithmenos
Fedhas
Hepliaklqana
Ru
Trog
Uskayaw
Vehumet
Yredelemnul

Portals:
Trove: D:14 (give 9 potions of haste)

Annotations:
Lair:2 2 transporters, Reubyar's ghost, journeyman MiBe
Lair:4 exclusion: 2 oklob plants


Innate Abilities, Weirdness & Mutations

You have sharp claws.
You have razor-sharp teeth.
You have supernaturally acute eyesight. (SInv)
You cover ground quickly. (Speed+)
Your thick and shaggy fur keeps you warm. (AC +3, rC+)
Your paws help you pounce on unaware monsters.
You are incapable of wielding weapons or throwing items.
You cannot wear armour.
You gain extra lives every three experience levels.


Message History

The wolf spider is moderately wounded.
The tarantella touches you but does no damage.
You completely miss the wolf spider. You bite the wolf spider.
The wolf spider is heavily wounded.
The redback completely misses you. The redback misses you.
The wolf spider completely misses you. The wolf spider barely misses you.
You mangle the wolf spider!!
You kill the wolf spider!
Trog accepts your kill. The tarantella touches you!
* * * LOW HITPOINT WARNING * * *
The redback misses you. The redback completely misses you.
You mangle the tarantella!!
The tarantella is severely wounded.
The tarantella touches you!
* * * LOW HITPOINT WARNING * * *
You are confused.
The redback misses you. x2
You claw the tarantella!
You kill the tarantella!
Trog accepts your kill. The redback completely misses you.
You bump into the rock wall.
The redback completely misses you. x4
You mangle the redback!!
You kill the redback!
Trog accepts your kill. The redback closely misses you.
Things that are here:
a redback corpse; a broodmother corpse You feel a strong urge to attack something.
You are no longer berserk.
You are exhausted.
You feel yourself slow down.
Okay, then.
Unknown command.
You feel better. The redback bites you!
* * * LOW HITPOINT WARNING * * *
The redback completely misses you. The redback misses you.
The redback bites you!
You die...

##.....##
##..##.####
##.^#....#.####
#
#..#).#........
..
#..#.†..#.#..#
...
#....###..!...#
..# ##.##
#..#†..##.^# ##
###††#s...#
#...#s@##s
#.>..#.#
#.#^..#.#
#..#..#..
#....#.#..
#..##>#.... ##.
. .#... # .
^.##.


You could see 2 redbacks.

Vanquished Creatures
  Gastronok (Lair:3)
  A frost giant (D:15)
  A broodmother (Spider:1)
  Azrael (D:15)
  A great orb of eyes (D:15)
  A fire dragon (Spider:1)
  A rakshasa (D:15)
  5 boulder beetles
  3 vault guards (D:13)
  4 hydras
  2 ironbound frosthearts (IceCv)
  5 centaur warriors
  6 death yaks
  A two-headed ogre (D:13)
  A tengu warrior (D:13)
  Urug (D:12)
  Sonja (D:13)
  A fire crab (D:15)
  A pharaoh ant (Spider:1)
  Pikel (D:8)
  An orb spider (Spider:1)
  3 wizards (D:13)
  2 orc knights (D:15)
  3 necromancers (D:13)
  3 deep elf pyromancers
  10 ugly things
  6 cyclopes
  3 manticores
  3 wolf spiders (Spider:1)
  5 elephants (Lair:4)
  Maurice (D:8)
  3 black mambas
  A black mamba (shapeshifter) (D:14)
  2 gargoyles
  An ice statue (IceCv)
  11 cane toads
  A torpor snail (Lair:4)
  2 cane toads (shapeshifter)
  3 rime drakes
  7 komodo dragons
  2 ice devils (D:12)
  A freezing wraith (D:15)
  A kobold demonologist (D:11)
  12 polar bears
  A guardian mummy (D:14)
  5 trolls
  A polar bear (shapeshifter) (D:13)
  A queen bee (shapeshifter) (D:14)
  13 slime creatures
  14 blink frogs
  4 dream sheep (Lair:3)
  9 tarantellas (Spider:1)
  A jumping spider (Spider:1)
  A culicivora (Spider:1)
  3 vampires
  Sigmund (D:6)
  2 centaur simulacra
  2 wraiths
  A yak (shapeshifter) (D:13)
  5 wyverns
  58 yaks
  3 basilisks
  7 fire elementals (D:15)
  16 humans (D:13)
  A redback (Spider:1)
  A steam dragon (D:9)
  9 vampire mosquitoes
  3 swamp worms (Lair:3)
  An acid dragon (D:13)
  A hell hound (D:15)
  11 water moccasins
  Duvessa (D:7)
  A sky beast (D:7)
  3 ice beasts
  6 orc warriors
  4 black bears
  30 wolves
  21 centaurs
  2 ogres
  4 kobold brigands
  A phantom (D:6)
  A lemure (D:8)
  14 bullfrogs
  2 scorpions (D:5)
  A gnoll sergeant (D:9)
  4 necrophages
  Dowan (D:7)
  5 wights
  4 howler monkeys
  4 electric eels
  6 wolf zombies (Bailey)
  8 vampire bats (Bailey)
  A hound (D:4)
  A jelly (D:8)
  Crazy Yiuf (D:6)
  9 orc priests
  2 iguanas
  12 orc wizards
  11 adders
  8 gnolls
  A white imp (D:10)
  A howler monkey simulacrum (D:10)
  An ufetubus (D:5)
  3 worms
  2 dart slugs
  37 orcs
  5 ball pythons
  12 bats
  An endoplasm (D:3)
  6 giant cockroaches
  10 hobgoblins
  4 jackals (D:2)
  26 kobolds
  6 quokkas
  4 frilled lizards
  9 goblins
  20 orc zombies (Bailey)
  2 rats (D:1)
619 creatures vanquished.

Vanquished Creatures (others)
  A wolf (D:10)
  A bush (Lair:3)
  26 fungi
  58 plants
86 creatures vanquished.

Grand Total: 705 creatures vanquished

Notes
Turn   | Place    | Note
-------+----------+-------------------------------------------
     0 | D:1      | MisterFreud the Felid Berserker began the quest for the
                  | Orb.
     0 | D:1      | Reached XP level 1. HP: 10/10 MP: 2/2
   500 | D:1      | Reached XP level 2. HP: 3/14 MP: 3/3
  1423 | D:1      | Reached XP level 3. HP: 14/17 MP: 4/4
  1709 | D:2      | Reached ** piety under Trog
  2347 | D:3      | Found a faded altar of an unknown god.
  2847 | D:3      | Reached skill level 5 in Dodging
  2847 | D:3      | Reached XP level 4. HP: 22/22 MP: 5/5
  2920 | D:3      | Identified the ring "Furr" {Wiz rN+ Will+ Slay+2}
  2943 | D:3      | Identified the +5 war axe of Destiny {freeze, Int+3}
  3179 | D:3      | Noticed a black bear
  3538 | D:4      | Reached XP level 5. HP: 6/25 MP: 6/6
  3544 | D:4      | HP: 1/25 [poisoned by an adder]
  4926 | D:5      | Entered Level 5 of the Dungeon
  4931 | D:5      | Reached skill level 6 in Dodging
  4931 | D:5      | Gained mutation: You are covered in thick fur. (AC +2)
                  | [Felid growth]
  4931 | D:5      | Reached XP level 6. HP: 29/29 MP: 7/7
  4966 | D:5      | Noticed an ice beast
  4974 | D:5      | Killed an ice beast
  4975 | D:5      | Reached skill level 5 in Fighting
  4975 | D:5      | Reached skill level 5 in Unarmed Combat
  5037 | D:5      | Found a broken altar of Ashenzari.
  5077 | D:5      | Identified the ring of Donij {MP+9 Slay+3}
  5327 | D:5      | Reached *** piety under Trog
  5328 | D:5      | Reached XP level 7. HP: 21/33 MP: 8/8
  5514 | D:5      | Reached skill level 7 in Dodging
  5578 | D:5      | Found a hide-covered altar of Uskayaw.
  5934 | D:5      | Found a basalt altar of Yredelemnul.
  6027 | D:6      | Found a radiant altar of Vehumet.
  6307 | D:6      | Noticed Sigmund
  6310 | D:6      | Killed Sigmund
  6442 | D:6      | Reached skill level 8 in Dodging
  6442 | D:6      | Reached skill level 1 in Stealth
  6442 | D:6      | Reached XP level 8. HP: 29/38 MP: 9/9
  6925 | D:6      | Found a bloodstained altar of Trog.
  7008 | D:6      | Found a runed translucent door.
  7009 | D:6      | Noticed Crazy Yiuf
  7184 | D:6      | Reached skill level 9 in Dodging
  7554 | D:6      | Killed Crazy Yiuf
  7605 | D:7      | Reached skill level 5 in Stealth
  7658 | D:7      | Noticed Duvessa
  7659 | D:7      | Noticed Dowan
  7679 | D:7      | Killed Duvessa
  7697 | D:7      | Killed Dowan
  7932 | D:7      | Reached skill level 10 in Dodging
  7932 | D:7      | Reached skill level 1 in Evocations
  8264 | D:7      | Reached **** piety under Trog
  8361 | D:7      | Reached XP level 9. HP: 26/41 MP: 10/10
  8592 | D:7      | Found a staircase to the Ecumenical Temple.
  8651 | D:7      | Killed from afar by an orc priest
  8652 | D:7      | Reached XP level 8. HP: -2/38 MP: 18/18
  8702 | D:7      | Reached skill level 5 in Evocations
  9172 | D:7      | Found a shadowy altar of Dithmenos.
  9392 | D:8      | Noticed Pikel
  9413 | D:8      | Killed Pikel
  9417 | D:8      | Reached XP level 9. HP: 22/41 MP: 10/10
  9775 | D:8      | Noticed Maurice
  9786 | D:8      | Killed Maurice
 10543 | D:9      | Found a staircase to the Lair.
 10931 | D:9      | Reached skill level 10 in Stealth
 11159 | D:9      | Identified a scroll of acquirement
 11159 | D:9      | Acquired a manual of Dodging
 11391 | D:9      | Reached skill level 11 in Dodging
 11391 | D:9      | Reached XP level 10. HP: 35/45 MP: 11/11
 11896 | D:9      | Found a staircase to the Orcish Mines.
 11916 | D:9      | HP: 3/67 [orc priest/divine providence (14)]
 11917 | D:9      | Slain by an orc
 11918 | D:9      | Reached XP level 9. HP: -1/61 MP: 19/19
 12114 | D:9      | Reached skill level 12 in Dodging
 12586 | D:9      | Found a sacrificial altar of Ru.
 12636 | Lair:1   | Entered Level 1 of the Lair of Beasts
 12636 | Lair:1   | Noticed a komodo dragon
 12641 | Lair:1   | Killed a komodo dragon
 12653 | Lair:1   | Reached skill level 13 in Dodging
 12845 | Lair:1   | Noticed a cane toad
 12852 | Lair:1   | Killed a cane toad
 12853 | Lair:1   | Reached skill level 10 in Unarmed Combat
 12866 | Lair:1   | Noticed a cane toad
 12878 | Lair:1   | Killed a cane toad
 12879 | Lair:1   | Reached skill level 14 in Dodging
 12879 | Lair:1   | Reached XP level 10. HP: 5/45 MP: 11/11
 13229 | Lair:1   | Reached skill level 15 in Dodging
 13965 | Lair:1   | Reached skill level 16 in Dodging
 14632 | Lair:2   | Noticed a cane toad
 14633 | Lair:2   | Noticed a six-headed hydra
 14685 | Lair:2   | Noticed a cane toad
 14687 | Lair:2   | Killed a cane toad
 14716 | Lair:2   | Noticed a cane toad
 14726 | Lair:2   | Found a hole to the Spider Nest.
 14786 | Lair:2   | Slain by a wolf
 14787 | Lair:2   | Reached XP level 9. HP: 0/43 MP: 19/19
 14787 | Lair:2   | Noticed a cane toad
 14797 | Lair:2   | Killed a cane toad
 14798 | Lair:2   | Reached XP level 10. HP: 14/47 MP: 11/11
 14840 | Lair:2   | Killed a cane toad
 14842 | Lair:2   | Noticed a cane toad
 14842 | Lair:2   | Noticed a boulder beetle
 14849 | Lair:2   | Killed a boulder beetle
 14850 | Lair:2   | Reached skill level 17 in Dodging
 14853 | Lair:2   | Killed a cane toad
 15015 | Lair:2   | Reached skill level 18 in Dodging
 15074 | Lair:2   | Noticed a black mamba
 15082 | Lair:2   | Killed a black mamba
 15083 | Lair:2   | Reached XP level 11. HP: 26/52 MP: 12/12
 15268 | Lair:2   | Killed a six-headed hydra
 15293 | Lair:2   | Noticed a cyan ugly thing
 15456 | Lair:2   | Found a transporter.
 15456 | Lair:2   | Noticed a white ugly thing
 15562 | Lair:2   | Noticed Reubyar's ghost (journeyman MiBe)
 15625 | Lair:2   | Noticed a rakshasa
 15638 | Lair:2   | Found a transporter.
 15957 | Lair:3   | Noticed Gastronok
 15971 | Lair:3   | Killed Gastronok
 16050 | Lair:3   | You fall into a shaft and drop 2 floors!
 16050 | Lair:5   | Entered Level 5 of the Lair of Beasts
 16076 | Lair:5   | Found a blossoming altar of Fedhas.
 16114 | Lair:5   | Reached skill level 10 in Fighting
 16220 | Lair:5   | Reached skill level 10 in Evocations
 16327 | Lair:5   | Reached ***** piety under Trog
 16353 | Lair:4   | Reached skill level 19 in Dodging
 16375 | Lair:3   | Noticed a death yak
 16375 | Lair:3   | Noticed a death yak
 16375 | Lair:3   | Noticed a death yak
 16375 | Lair:3   | Noticed a death yak
 16375 | Lair:3   | Noticed a death yak
 16375 | Lair:3   | Noticed a death yak
 16399 | Lair:4   | Killed a death yak
 16409 | Lair:4   | Reached skill level 20 in Dodging
 16409 | Lair:4   | Gained mutation: Your thick and shaggy fur keeps you warm.
                  | (AC +3, rC+) [Felid growth]
 16409 | Lair:4   | Reached XP level 12. HP: 25/58 MP: 13/13
 16413 | Lair:5   | Noticed a boulder beetle
 16578 | Lair:3   | Killed a death yak
 16668 | Lair:3   | Found a staircase to the Swamp.
 17441 | Lair:4   | Noticed an eight-headed hydra
 17453 | Lair:4   | Killed an eight-headed hydra
 18308 | D:10     | Entered Level 10 of the Dungeon
 18332 | D:10     | Found a hazy altar of Hepliaklqana.
 18375 | D:10     | Noticed a death yak
 18390 | D:10     | Killed a death yak
 18768 | D:10     | Found a flagged portal.
 18912 | Bailey   | Entered a bailey
 18963 | Bailey   | Identified the +6 scimitar of Destruction {drain, Will+
                  | Dex+3}
 19171 | Bailey   | Identified the +0 leather armour of Sugigen {*Corrode
                  | Regen+ Int+5 Slay-3}
 19636 | D:11     | Reached XP level 13. HP: 54/61 MP: 14/14
 20328 | D:12     | Noticed Urug
 20348 | D:12     | Killed Urug
 20653 | D:12     | Found a frozen archway.
 20674 | IceCv    | Entered an ice cave
 20881 | IceCv    | Reached skill level 15 in Unarmed Combat
 21379 | IceCv    | Identified the +1 robe "Gaonnoun" {Dex+3 SInv}
 22459 | D:13     | Reached ****** piety under Trog
 22625 | D:13     | Reached XP level 14. HP: 44/67 MP: 15/15
 22747 | D:13     | Noticed Sonja
 22762 | D:13     | Killed Sonja
 23041 | D:13     | Found a gate to the Vaults.
 23124 | D:13     | Killed from afar by a wizard
 23125 | D:13     | Reached XP level 13. HP: -11/65 MP: 14/14
 23591 | D:14     | Reached skill level 15 in Stealth
 23739 | D:14     | Identified the +9 mace "Helerchorgh" {vorpal, rC+ Str-4
                  | Dex+6}
 24121 | D:14     | Found a portal to a secret trove of treasure.
 24206 | D:15     | Entered Level 15 of the Dungeon
 24432 | D:15     | Noticed Azrael
 24452 | D:15     | Killed Azrael
 24458 | D:15     | Reached XP level 14. HP: 28/72 MP: 15/15
 24934 | D:15     | Noticed a frost giant
 24963 | D:15     | Killed a frost giant
 25358 | D:15     | Reached skill level 15 in Fighting
 25385 | D:15     | Found a staircase to the Depths.
 25703 | Spider:1 | Entered Level 1 of the Spider Nest
 25934 | Spider:1 | Noticed a broodmother
 25961 | Spider:1 | Killed a broodmother
 25980 | Spider:1 | Mangled by a redback

Illustrated notes

Levels and vault maps discovered:
D:1:      lightli_arrival_noodles, layout_loops_ring
D:2:      layout_rooms, minmay_misc_feat_nine_boxes
D:3:      layout_basic, ebering_ecumenical_altar_webs, lightli_corner_chamber
D:4:      layout_rooms
D:5:      layout_rooms, evilmike_ruin_ashenzari, kennysheep_mini_moat,
          marbit_many_paths
D:6:      layout_basic, mainiacjoe_overflow_surrounded_room,
          nicolae_overflow_crystal_walls, serial_aquarium,
          aquarium_bridge_straight [aquarium_subvault_bridge,
          aquarium_subvault_window, aquarium_subvault_bridge,
          aquarium_subvault_window], aquarium_window_fake,
          aquarium_window_corner, aquarium_window_2, aquarium_view_2c,
          aquarium_view_2e, aquarium_balcony_5a, aquarium_pool_four,
          uniq_sigmund, uniq_crazy_yiuf_cottage
D:7:      layout_loops_ring, nicolae_dithmenos_the_darkroom,
          minmay_temple_entry_mist, chequers_serial_rivers_marsh,
          feat_on_display, uniq_duvessa
D:8:      layout_basic, nicolae_fountain_basement, uniq_pikel, uniq_maurice
D:9:      layout_stronghold, nicolae_ru_the_path_less_chosen, lair_entry_dummy,
          minmay_orc_entry_temple_small, corexii_leaking_fountain,
          kennysheep_potato
D:10:     layout_roguey, mainiacjoe_overflow_boulevard, serial_ice,
          serial_ice_b, serial_ice_e, serial_ice_k, serial_ice_m, enter_bailey_8
D:11:     layout_long_grid, kennysheep_flooded_box
D:12:     layout_gridville, portal_ice_cave_demonic_guard, uniq_urug
D:13:     layout_gridville, grunt_vaults_entry_tiered, uniq_sonja
D:14:     layout_roguey, nicolae_trove_entry_path_of_doom
D:15:     gammafunk_enter_depths_forms, layout_long_grid, chequers_jeans,
          minivault_20, nicolae_two_hexagons, grunt_decor_arrowhead, uniq_azrael
Lair:1:   layout_cave_pods, st_stairs_4, lemuel_fruit_fields
Lair:2:   layout_regular_city, dummy_spider_entry,
          gammafunk_ghost_abyssal_escape
Lair:3:   layout_long_grid, nicolae_swamp_entry_splash_gauntlet,
          serial_bayou_pond_b, grunt_megastairs_5, serial_bayou_shore_a,
          lemuel_fruit_tree, uniq_gastronok
Lair:4:   layout_misc_corridors, minmay_slime_entry_oklob_enclosed,
          serial_bayou_lagoon_a, nzn_random_ring
Lair:5:   minmay_lair_end_frog_pond, layout_gridlike, basic_altar
Spider:1: layout_spider_delve, uniq_louise

Skill      XL: |  1  2  3  4  5  6  7  8  9 10 11 12 13 14 |
---------------+-------------------------------------------+-----
Dodging        | 5 6 8 10 14 18 20 | 20.0
Fighting       | 4 5 6 8 10 14 15 | 15.0
Unarmed Combat | 4 5 6 7 10 13 15 | 15.7
Stealth        | 1 7 10 15 14 | 15.0
Evocations     | 6 8 10 | 10.0

Action                   |  1- 3 |  4- 6 |  7- 9 | 10-12 | 13-15 || total
-------------------------+-------+-------+-------+-------+-------++-------
Melee: Unarmed           |   131 |   146 |   423 |   620 |   923 ||  2243
       Bite              |     9 |     7 |    47 |    91 |   161 ||   315
       Punch             |     3 |     2 |    23 |    39 |   127 ||   194
Invok: Berserk           |     1 |     3 |     8 |    14 |    12 ||    38
       Trog's Hand       |       |       |     1 |     1 |     3 ||     5
       Brothers in Arms  |       |       |       |     1 |     1 ||     2
Evoke: Wand              |       |       |       |     7 |     4 ||    11
  Use: Scroll            |     7 |     2 |     6 |    10 |     4 ||    29
       Potion            |       |       |     2 |       |     1 ||     3
 Stab: Sleeping          |     2 |     2 |    12 |    42 |    32 ||    90
       Distracted        |     1 |       |     1 |       |     5 ||     7
       Invisible         |       |       |     1 |       |       ||     1
Armor: Skin              |    11 |     5 |    17 |    12 |    32 ||    77
Dodge: Dodged            |   130 |   122 |   365 |   596 |   995 ||  2208
